AoeStats
← TheyCallMeNicoleto

Arabia

510328525Analyzed
1v1 RM · 9h ago on Sep 30, 2026· 41m 17s· 2 players
Game mode
Random Map
Map size
Tiny (2 player)
Population
200
Speed
Normal
Resources
Standard
Victory
Conquest
Starting age
Dark Age
Ending age
Imperial Age
RankedLock teamsTeams togetherTeam positionsShared explorationLock speedFull tech treeHidden civsTurbo modeCheats
Victory
Defeat
🇦🇷 Celts · Argentina
916
+16
🇨🇴 Aztecs · Colombia
924
-16
TheyCallMeNicoleto
8:48 Loom
12:03 Feudal Age
13:17 Double-Bit Axe
19:01 Castle Age
18:34 Fletching
19:03 Scale Mail Armor
20:49 Man-at-Arms
21:56 Gambesons
23:57 Long Swordsman
25:28 Scale Barding Armor
40:16 Ballistics
An*Other*Exit*
2:33 Loom
10:40 Feudal Age
23:38 Castle Age
22:49 Man-at-Arms
23:51 Eagle Warrior
24:32 Squires
24:30 Fletching
24:03 Crossbowman
25:04 Double-Bit Axe
32:02 Horse Collar
37:13 Imperial Age
36:10 Ballistics
36:52 Bodkin Arrow
Connection lost

Rejoining the realm…

Still unreachable

The connection could not be restored.

Session expired

The server has moved on; the page needs a fresh start.